 Dungeon Crawl Stone Soup version 0.30-a0-137-gd8773701ce (webtiles) character file.

Game seed: 17088264293861778373

35 jimonade the Shooter (level 3, 0/24 HPs)
             Began as an Octopode Hunter on Sept 21, 2022.
             Slain by an iguana (7 damage)
             ... on level 2 of the Dungeon.
             The game lasted 00:01:12 (1382 turns).

jimonade the Shooter (Octopode Hunter)              Turns: 1382, Time: 00:01:12

Health: 0/24       AC:  1    Str: 10    XL:     3   Next: 33%
Magic:  3/3        EV: 13    Int: 11    God:
Gold:   91         SH:  0    Dex: 17    Spells: 2/2 levels left

rFire   . . .      SeeInvis .    a - +0 shortbow
rCold   . . .      Faith    .    (shield currently unavailable)
rNeg    . . .      Spirit   .    (helmet restricted)
rPois   .          Reflect  .    (no amulet)
rElec   .          Harm     .    (no ring)
rCorr   .          Rampage  .    (no ring)
Will    .....                    (no ring)
Stlth   +++.......               (no ring)
HPRegen 0.08/turn                (no ring)
MPRegen 0.08/turn                (no ring)
                                 (no ring)
                                 (no ring)

@: no status effects
A: almost no armour, amphibious, 8 rings, camouflage 1, gelatinous body 1,
(nimble swimmer 1), tentacles
a: no special abilities


You were on level 2 of the Dungeon.
You visited 1 branch of the dungeon, and saw 2 of its levels.

You collected 91 gold pieces.

Inventory:

Hand Weapons
 a - a +0 shortbow (weapon)
Scrolls
 b - a scroll of immolation
 d - a scroll of blinking {unknown}
 e - a scroll of teleportation {unknown}
 f - a scroll of noise {unknown}
 g - a scroll of magic mapping {unknown}
 i - a scroll of butterflies {unknown}
 j - a scroll of identify {unknown}
 k - a scroll of silence {unknown}
Potions
 c - a potion of curing {unknown}
 h - a potion of berserk rage {unknown}


   Skills:
 - Level 2.0 Fighting
 + Level 5.1 Ranged Weapons
 - Level 2.0 Dodging
 - Level 1.3 Stealth


You had 2 spell levels left.
You didn't know any spells.
Your spell library contained the following spells:

 Spells                   Type           Power      Damage    Failure   Level
 Gell's Gravitas          Tloc           0%         N/A       71%         3
 Lesser Beckoning         Tloc           0%         N/A       71%         3
 Teleport Other           Tloc           0%         N/A       71%         3


Dungeon Overview and Level Annotations

Branches:
Dungeon (2/15)

Altars:
Kikubaaqudgha


Innate Abilities, Weirdness & Mutations

You cannot wear most types of armour.
You are amphibious.
You can wear up to eight rings at the same time.
Your skin changes colour to match your surroundings (Stealth+).
Your rubbery body absorbs attacks. (AC +1, EV +1)
((You are camouflaged when in or above water. (Stealth+)))
You have tentacles for arms and can constrict up to eight enemies at once.


Message History

The iguana is lightly wounded.
The iguana barely misses you.
You shoot an arrow. The arrow barely misses the iguana.
The iguana closely misses you.
You shoot an arrow. The arrow closely misses the iguana.
The iguana barely misses you.
You shoot an arrow. The arrow hits the iguana.
The iguana is moderately wounded.
The iguana closely misses you. The iguana barely misses you.
You shoot an arrow. The arrow closely misses the iguana.
The iguana barely misses you.
You shoot an arrow.
The arrow hits the iguana but does no damage.
The iguana is moderately wounded.
The iguana bites you!
Ouch! That really hurt!
You are too injured to fight recklessly!
You are too injured to fight recklessly!
You are too injured to fight recklessly!
Fire: a) +0 shortbow
Press: ? - help, Q - select action Shift-Dir - straight line, f/p - iguana
Aim: an iguana (moderately wounded, 66% to hit)
You shoot an arrow.
The arrow hits the iguana but does no damage.
The iguana is moderately wounded.
The iguana bites you.
* * * LOW HITPOINT WARNING * * *
The iguana closely misses you.
Fire: a) +0 shortbow
Press: ? - help, Q - select action Shift-Dir - straight line, f/p - iguana
Aim: an iguana (lightly wounded, 66% to hit)
You shoot an arrow. The arrow closely misses the iguana.
The iguana misses you.
Fire: a) +0 shortbow
Press: ? - help, Q - select action Shift-Dir - straight line, f/p - iguana
Aim: an iguana (lightly wounded, 66% to hit)
You shoot an arrow. The arrow hits the iguana.
The iguana is moderately wounded.
The iguana bites you!
You die...

...####.##.#............
...........##.##.#...#.#
##### #.......##.#...#.#
.....##.########.#...#.#
......#.# #.#...#.#
.._.....# #.......#
.....##.# ###...### ....
#.# ##.#### ... #@#
##......
......l.#########.......
##.######.......#.######
#.####.......# #
#.#.(...#.##.###
###.#.#.....#.....
#......>..###..###
#..............# #
#......######.####


You could see an iguana.

Vanquished Creatures
  A worm (D:2)
  4 dart slugs
  3 ball pythons (D:1)
  6 bats (D:1)
  An endoplasm (D:1)
  3 goblins
  A hobgoblin (D:1)
  2 kobolds (D:1)
  A quokka (D:2)
22 creatures vanquished.

Notes
Turn   | Place    | Note
-------+----------+-------------------------------------------
     0 | D:1      | jimonade the Octopode Hunter began the quest for the Orb.
     0 | D:1      | Reached XP level 1. HP: 14/14 MP: 1/1
   103 | D:1      | Reached XP level 2. HP: 19/19 MP: 2/2
   285 | D:1      | Found a faded altar of an unknown god.
   527 | D:1      | Reached XP level 3. HP: 24/24 MP: 3/3
  1079 | D:2      | Reached skill level 5 in Ranged Weapons
  1363 | D:2      | Found an ancient bone altar of Kikubaaqudgha.
  1382 | D:2      | Slain by an iguana

Illustrated notes

Levels and vault maps discovered:
D:1:      psy_arrival_whirlpool, layout_basic, ebering_ecumenical_altar_mist
D:2:      layout_loops_cross, basic_altar

Skill      XL: |  1  2  3 |
---------------+----------+-----
Ranged Weapons | 5 |  5.1
Fighting       | |  2.0
Dodging        | |  2.0
Stealth        | |  1.3

Action                   || total
-------------------------++-------
 Fire: Shortbow          ||    64
Armor: Skin              ||     1
Dodge: Dodged            ||    15

Table legend: (Time is in decaauts)
 A = Elapsed time spent in this place.
 B = Non-inter-level travel time spent in this place.
 C = Inter-level travel time spent in this place.
 D = Time resting spent in this place.
 E = Time spent auto-exploring this place.
 F = Levels seen in this place.
 G = Mean time per level.
                   A        B        C        D        E       F      G
               +--------+--------+--------+--------+--------+-----+--------+
         Total |   1398 |   1286 |    112 |      0 |   1154 |   2 |  699.0 |
       Dungeon |   1398 |   1286 |    112 |      0 |   1154 |   2 |  699.0 |
               +--------+--------+--------+--------+--------+-----+--------+

Top non-repeatable levels by time:
     D:1: 1036 daAuts
     D:2: 361 daAuts
